ITL
HAVANA ROLLERS @ WABA DUCKS
09/06/2026
 
TOP OF THE 1ST
Havana Rollers batting - Pitching for Waba Ducks : RHP Alfredo Montalvo
Pitching: RHP Alfredo Montalvo
Batting: LHB Jimmy Husted 0-0: Foul Ball, location: 2F
0-1: Swinging Strike
0-2: SINGLE (Line Drive, 89S)
Batting: RHB Francisco Rincón 0-0: Ball
1-0: Foul Ball, location: 2F
1-1: Ball
2-1: Ball
3-1: Called Strike
3-2: Ground out 6-3 (Groundball, 6)
Jimmy Husted to second
Batting: LHB Wilson Allen 0-0: Ball
1-0: Called Strike
Jimmy Husted is caught stealing 3rd base
1-1: Called Strike
1-2: Ball
2-2: Foul Ball, location: 2F
2-2: Ball
3-2: SOLO HOME RUN (Line Drive, 7LS), Distance : 321 ft
Batting: SHB Pepe Piña 0-0: Ball
1-0: Called Strike
1-1: Ball
2-1: SINGLE (Groundball, 34)
Batting: RHB Salvador Borbón 0-0: Ball
1-0: Foul Ball, location: 2F
1-1: Foul Ball, location: 2F
1-2: Ball
2-2: Strikes out swinging
Top of the 1st over - 1 run(s), 3 hit(s), 0 error(s), 1 left on base; Havana 1 - Waba 0
BOTTOM OF THE 1ST
Waba Ducks batting - Pitching for Havana Rollers : RHP Derek Simpson
Pitching: RHP Derek Simpson
Batting: LHB Javier Orozco 0-0: Called Strike
0-1: Ball
1-1: Swinging Strike
1-2: Ball
2-2: Foul Ball, location: 2F
2-2: Ball
3-2: Strikes out swinging
Batting: RHB Don Keating 0-0: Swinging Strike
0-1: Ball
1-1: Foul Ball, location: 2F
1-2: Foul Ball, location: 2F
1-2: SINGLE (Line Drive, 8RS)
Batting: LHB José Berroa 0-0: Ball
1-0: Fly out, F8 (Flyball, 8LXD)
Batting: RHB Chris Osborn 0-0: Ball
1-0: Ball
2-0: Ball
Don Keating steals 2nd base
3-0: Called Strike
3-1: Called Strike
3-2: Strikes out swinging
Bottom of the 1st over - 0 run(s), 1 hit(s), 0 error(s), 1 left on base; Havana 1 - Waba 0
TOP OF THE 2ND
Havana Rollers batting - Pitching for Waba Ducks : RHP Alfredo Montalvo
Batting: RHB Dani Gómez 0-0: Hit by Pitch
Batting: RHB Paul Bailey 0-0: Called Strike
0-1: Ball
1-1: Foul Ball, location: 2F
1-2: Ball
2-2: Ball
3-2: Strikes out looking
Dani Gómez steals 2nd base
Batter strikes out.
Batting: LHB Gyu-sik Yi 0-0: Foul Ball, location: 2F
0-1: Swinging Strike
0-2: Strikes out looking
Batting: LHB José Torres 0-0: Called Strike
0-1: Called Strike
0-2: Ball
1-2: Ball
2-2: Foul Ball, location: 2F
2-2: Foul Ball, location: 2F
2-2: Strikes out swinging
Top of the 2nd over - 0 run(s), 0 hit(s), 0 error(s), 1 left on base; Havana 1 - Waba 0
BOTTOM OF THE 2ND
Waba Ducks batting - Pitching for Havana Rollers : RHP Derek Simpson
Batting: LHB Joe Sanders Single, Error in OF, E9, batter to second base
Batting: RHB Ed Small 0-0: Called Strike
0-1: Foul Ball, location: 2F
0-2: Strikes out swinging
Batting: LHB Jack Hewat 0-0: Called Strike
0-1: Foul Ball, location: 2F
0-2: Ball
1-2: Ball
2-2: Foul Ball, location: 2F
2-2: Ground out 6-3 (Groundball, 6)
Batting: RHB Pedro Molina 0-0: Ball
1-0: Ball
2-0: Swinging Strike
2-1: Called Strike
2-2: Strikes out swinging
Bottom of the 2nd over - 0 run(s), 1 hit(s), 1 error(s), 1 left on base; Havana 1 - Waba 0
TOP OF THE 3RD
Havana Rollers batting - Pitching for Waba Ducks : RHP Alfredo Montalvo
Batting: LHB Jimmy Husted 0-0: Ball
1-0: Called Strike
1-1: Swinging Strike
1-2: Ball
2-2: Ball
3-2: Fly out, F8 (Flyball, 8LS)
Batting: RHB Francisco Rincón 0-0: Ball
1-0: Swinging Strike
1-1: Foul Ball, location: 2F
1-2: Ball
2-2: Ball
3-2: Strikes out looking
Batting: LHB Wilson Allen 0-0: DOUBLE (Flyball, 78XD)
Batting: SHB Pepe Piña 0-0: Foul Ball, location: 2F
0-1: Ball
1-1: Ball
2-1: Swinging Strike
2-2: Foul Ball, location: 2F
2-2: 2-RUN HOME RUN (Flyball, 89XD), Distance : 372 ft
Batting: RHB Salvador Borbón 0-0: Ball
1-0: Fly out, F8 (Flyball, 8RD)
Top of the 3rd over - 2 run(s), 2 hit(s), 0 error(s), 0 left on base; Havana 3 - Waba 0
BOTTOM OF THE 3RD
Waba Ducks batting - Pitching for Havana Rollers : RHP Derek Simpson
Batting: RHB Ángelo García 0-0: Ball
1-0: Ball
2-0: Foul Ball, location: 2F
2-1: Foul Ball, location: 2F
2-2: Fly out, F8 (Flyball, 8RM)
Batting: LHB Javier Orozco 0-0: Called Strike
0-1: Ball
1-1: SINGLE (Line Drive, 89S)
Batting: RHB Don Keating 0-0: Ball
1-0: Ball
2-0: Called Strike
2-1: Fly out, F8 (Flyball, 8LM)
Batting: LHB José Berroa 0-0: Ball
1-0: Called Strike
1-1: Ball
2-1: SINGLE (Groundball, 4MD)
Javier Orozco to second
Runner from 2nd tries for 3rd, SAFE, throw made to third
Batting: RHB Chris Osborn 0-0: Called Strike
0-1: Foul Ball, location: 2F
0-2: Ball
1-2: Foul Ball, location: 2F
1-2: Foul Ball, location: 2F
1-2: Foul Ball, location: 2F
1-2: Ball
2-2: Strikes out swinging
Bottom of the 3rd over - 0 run(s), 2 hit(s), 0 error(s), 2 left on base; Havana 3 - Waba 0
TOP OF THE 4TH
Havana Rollers batting - Pitching for Waba Ducks : RHP Alfredo Montalvo
Batting: RHB Dani Gómez 0-0: Fly out, F9 (Flyball, 9M)
Batting: RHB Paul Bailey 0-0: Swinging Strike
0-1: Ball
1-1: Ball
2-1: SOLO HOME RUN (Flyball, 78D), Distance : 358 ft
Batting: LHB Gyu-sik Yi 0-0: Ball
1-0: Foul Ball, location: 2F
1-1: Fly out, F8 (Flyball, 8LM)
Batting: LHB José Torres 0-0: Ball
1-0: Ball
2-0: Ball
3-0: Base on Balls
Batting: LHB Jimmy Husted 0-0: Ball
1-0: Ball
2-0: SINGLE (Line Drive, 4MD)
José Torres to second
Batting: RHB Francisco Rincón 0-0: Ball
1-0: Ball
2-0: Swinging Strike
2-1: Called Strike
2-2: Reached on error, E6 (Groundball, 6M)
José Torres to third
Jimmy Husted to second
Batting: LHB Wilson Allen 0-0: Called Strike
0-1: GRAND SLAM HOME RUN (Flyball, 78XD), Distance : 371 ft
Pitching: LHP Tim Jenkins
Batting: SHB Pepe Piña 0-0: Ball
1-0: Ball
2-0: DOUBLE (Flyball, 89D)
Batting: RHB Salvador Borbón 0-0: Ball
1-0: 2-RUN HOME RUN (Flyball, 7D), Distance : 364 ft
Batting: RHB Dani Gómez 0-0: Fly out, F9 (Popup, 4D)
Top of the 4th over - 7 run(s), 5 hit(s), 1 error(s), 0 left on base; Havana 10 - Waba 0
BOTTOM OF THE 4TH
Waba Ducks batting - Pitching for Havana Rollers : RHP Derek Simpson
Batting: LHB Joe Sanders 0-0: Ball
1-0: Foul Ball, location: 2F
1-1: Ball
2-1: Ball
3-1: Base on Balls
Batting: RHB Ed Small 0-0: Ball
1-0: Called Strike
1-1: Ball
2-1: Swinging Strike
2-2: Foul Ball, location: 2F
2-2: Foul Ball, location: 2F
2-2: Strikes out swinging
Batting: LHB Jack Hewat 0-0: Called Strike
0-1: Foul Ball, location: 2F
0-2: Foul Ball, location: 2F
0-2: Ball
1-2: Ball
2-2: Ball
3-2: Reached on error, E4 (Groundball, 4)
Joe Sanders to second
Batting: RHB Pedro Molina 0-0: Ball
1-0: Foul Ball, location: 2F
1-1: Ball
2-1: Called Strike
2-2: Ball
3-2: Foul Ball, location: 2F
3-2: Strikes out swinging
Batting: RHB Ángelo García 0-0: Called Strike
0-1: Ball
1-1: Ground out 5-3 (Groundball, 5S)
Bottom of the 4th over - 0 run(s), 0 hit(s), 1 error(s), 2 left on base; Havana 10 - Waba 0
TOP OF THE 5TH
Havana Rollers batting - Pitching for Waba Ducks : LHP Tim Jenkins
Batting: RHB Paul Bailey 0-0: Ball
1-0: Fly out, F9 (Flyball, 9M)
Batting: LHB Gyu-sik Yi 0-0: Foul Ball, location: 2F
0-1: Called Strike
0-2: Fly out, F9 (Flyball, 9LD)
Batting: LHB José Torres 0-0: Swinging Strike
0-1: Foul Ball, location: 2F
0-2: Strikes out swinging
Top of the 5th over - 0 run(s), 0 hit(s), 0 error(s), 0 left on base; Havana 10 - Waba 0
BOTTOM OF THE 5TH
Waba Ducks batting - Pitching for Havana Rollers : RHP Derek Simpson
Batting: LHB Javier Orozco 0-0: Ball
1-0: Ball
2-0: Fly out, F9 (Flyball, 89D)
Batting: RHB Don Keating 0-0: Swinging Strike
0-1: Swinging Strike
0-2: Ball
1-2: Foul Ball, location: 2F
1-2: Foul Ball, location: 2F
1-2: Ground out 5-3 (Groundball, 5)
Batting: LHB José Berroa 0-0: Ball
1-0: Foul Ball, location: 2F
1-1: Called Strike
1-2: SINGLE (Groundball, 3D)
Pitching: RHP Chandler Lindsey
Batting: RHB Chris Osborn 0-0: Called Strike
0-1: Ball
1-1: Ball
2-1: Foul Ball, location: 2F
2-2: Ground out 1-3 (Groundball, 13S)
Bottom of the 5th over - 0 run(s), 1 hit(s), 0 error(s), 1 left on base; Havana 10 - Waba 0
TOP OF THE 6TH
Havana Rollers batting - Pitching for Waba Ducks : LHP Tim Jenkins
Batting: LHB Jimmy Husted 0-0: Ball
1-0: Called Strike
1-1: Fly out, F8 (Flyball, 8RD)
Batting: RHB Francisco Rincón 0-0: Ball
1-0: Ground out U3 (Groundball, 3S)
Batting: LHB Wilson Allen 0-0: Called Strike
0-1: Ball
1-1: Ball
2-1: Foul Ball, location: 2F
2-2: Strikes out swinging
Top of the 6th over - 0 run(s), 0 hit(s), 0 error(s), 0 left on base; Havana 10 - Waba 0
BOTTOM OF THE 6TH
Waba Ducks batting - Pitching for Havana Rollers : RHP Chandler Lindsey
Batting: LHB Joe Sanders 0-0: Foul Ball, location: 2F
0-1: Swinging Strike
0-2: Foul Ball, location: 2F
0-2: Fly out, F8 (Flyball, 8LM)
Batting: RHB Ed Small 0-0: Foul Ball, location: 2F
0-1: Ball
1-1: Ball
2-1: SINGLE (Groundball, 6MD)
Batting: LHB Jack Hewat 0-0: Called Strike
0-1: Ball
1-1: Ball
2-1: Ball
3-1: Base on Balls
Ed Small to second
Batting: RHB Pedro Molina 0-0: Foul Ball, location: 2F
0-1: Ball
1-1: Ball
Ed Small steals 3rd base
Jack Hewat to second
2-1: Foul Ball, location: 2F
2-2: Ball
3-2: Foul Ball, location: 2F
3-2: Strikes out swinging
Batting: RHB Ángelo García 0-0: Ball
1-0: Ball
2-0: Ball
3-0: Base on Balls
Batting: LHB Javier Orozco 0-0: Called Strike
0-1: Ball
1-1: Ball
2-1: Foul Ball, location: 2F
2-2: Ball
3-2: Base on Balls
Ed Small scores
Jack Hewat to third
Ángelo García to second
Batting: RHB Don Keating 0-0: Ball
1-0: GRAND SLAM HOME RUN (Line Drive, 7D), Distance : 371 ft
Batting: LHB José Berroa 0-0: Foul Ball, location: 2F
0-1: Foul Ball, location: 2F
0-2: SINGLE (Groundball, 34D)
Pitching: RHP Ramiro Piña
Batting: RHB Chris Osborn 0-0: Ball
1-0: TRIPLE (Groundball, 3L)
José Berroa scores
Batting: LHB Joe Sanders 0-0: Ball
1-0: Foul Ball, location: 2F
1-1: Called Strike
1-2: Hit by Pitch
Batting: RHB Ed Small 0-0: Called Strike
0-1: Ball
1-1: DOUBLE (Groundball, 5L)
Chris Osborn scores
Joe Sanders to third
Runner from 3rd tries for Home, SAFE, no throw or cutoff
Batting: LHB Jack Hewat 0-0: Ball
1-0: Ground out 3-1 (Groundball, 34)
Bottom of the 6th over - 8 run(s), 5 hit(s), 0 error(s), 1 left on base; Havana 10 - Waba 8
TOP OF THE 7TH
Havana Rollers batting - Pitching for Waba Ducks : LHP Tim Jenkins
Pitching: RHP Yodo Nakagawa
Batting: SHB Pepe Piña 0-0: Ball
1-0: Ball
2-0: Foul Ball, location: 2F
2-1: Swinging Strike
2-2: Strikes out looking
Batting: RHB Salvador Borbón 0-0: Called Strike
0-1: Foul Ball, location: 2F
0-2: Ball
1-2: Ball
2-2: Fly out, F8 (Flyball, 8LXD)
Batting: RHB Dani Gómez 0-0: Swinging Strike
0-1: Foul Ball, location: 2F
0-2: Strikes out swinging
Top of the 7th over - 0 run(s), 0 hit(s), 0 error(s), 0 left on base; Havana 10 - Waba 8
BOTTOM OF THE 7TH
Waba Ducks batting - Pitching for Havana Rollers : RHP Ramiro Piña
Batting: RHB Pedro Molina 0-0: Fly out, F7 (Flyball, 7D)
Batting: RHB Ángelo García 0-0: Ground out 1-3 (Groundball, 23)
Batting: LHB Javier Orozco 0-0: Called Strike
0-1: Ground out 4-3 (Groundball, 4)
Bottom of the 7th over - 0 run(s), 0 hit(s), 0 error(s), 0 left on base; Havana 10 - Waba 8
TOP OF THE 8TH
Havana Rollers batting - Pitching for Waba Ducks : RHP Yodo Nakagawa
Batting: RHB Paul Bailey 0-0: Ball
1-0: Called Strike
1-1: SINGLE (Groundball, 56D)
Batting: LHB Gyu-sik Yi 0-0: Ball
1-0: Foul Ball, location: 2F
1-1: Swinging Strike
1-2: Foul Ball, location: 2F
1-2: Foul Ball, location: 2F
1-2: Ball
2-2: Foul Ball, location: 2F
2-2: Ball
3-2: Base on Balls
Paul Bailey to second
Pinch Hitting: RHB Jack Bailey 0-0: Bunted foul
0-1: Bunted foul
0-2: Ball
1-2: Ball
2-2: Grounds into double play, 4-6-3 (Groundball, 4)
Paul Bailey to third
Batting: LHB Jimmy Husted 0-0: Ground out 4-3 (Groundball, 4M)
Top of the 8th over - 0 run(s), 1 hit(s), 0 error(s), 1 left on base; Havana 10 - Waba 8
BOTTOM OF THE 8TH
Waba Ducks batting - Pitching for Havana Rollers : RHP Ramiro Piña
Now in RF: Jack Bailey
Batting: RHB Don Keating 0-0: SINGLE (Line Drive, 89M)
Pitching: LHP Mike Doss
Batting: LHB José Berroa 0-0: Ball
1-0: Grounds into double play, 4-6-3 (Groundball, 4)
Batting: RHB Chris Osborn 0-0: Ball
1-0: Ground out 6-3 (Groundball, 6)
Bottom of the 8th over - 0 run(s), 1 hit(s), 0 error(s), 0 left on base; Havana 10 - Waba 8
TOP OF THE 9TH
Havana Rollers batting - Pitching for Waba Ducks : RHP Yodo Nakagawa
Batting: RHB Francisco Rincón 0-0: Called Strike
0-1: Called Strike
0-2: Ball
1-2: Foul Ball, location: 2F
1-2: Ball
2-2: Foul Ball, location: 2F
2-2: Ball
3-2: Base on Balls
Batting: LHB Wilson Allen 0-0: Ball
1-0: Called Strike
1-1: Ball
2-1: Ball
3-1: Base on Balls
Francisco Rincón to second
Batting: SHB Pepe Piña 0-0: Fielders Choice at 2nd, 4-6 (Groundball, 4)
Francisco Rincón to third
Now at SS: António Valdéz
Batting: RHB Salvador Borbón 0-0: Ball
1-0: Ball
2-0: Called Strike
2-1: Swinging Strike
2-2: Foul Ball, location: 2F
2-2: Strikes out swinging
Pitching: RHP José Rivera
Pinch Hitting: RHB Carlos MacKinney 0-0: Ball
1-0: Fly out, F8 (Flyball, 8LM)
Top of the 9th over - 0 run(s), 0 hit(s), 0 error(s), 2 left on base; Havana 10 - Waba 8
BOTTOM OF THE 9TH
Waba Ducks batting - Pitching for Havana Rollers : LHP Mike Doss
Pitching: RHP Augusto Muñíz
Now in CF: José Flores
Batting: LHB Joe Sanders 0-0: Fly out, F9 (Flyball, 89M)
Batting: RHB Ed Small 0-0: Called Strike
0-1: Ball
1-1: Foul Ball, location: 2F
1-2: Ball
2-2: Ball
3-2: Strikes out swinging
Batting: RHB António Valdéz 0-0: Ball
1-0: Ball
2-0: Called Strike
2-1: Ground out 5-3 (Groundball, 5L)
Bottom of the 9th over - 0 run(s), 0 hit(s), 0 error(s), 0 left on base; Havana 10 - Waba 8
Monday, December 5th, 2016 - OOTP Baseball 17.12 Build 75